 Dungeon Crawl Stone Soup version 0.29-a0-284-gf9362112df (webtiles) character file.

Game seed: 18074735837176070146

25 sizableburger the Skirmisher (level 2, -2/18 HPs)
             Began as a Deep Elf Fighter on Mar 31, 2022.
             Was a Follower of Makhleb.
             Slain by a hobgoblin
             ... wielding a +0 battleaxe
              (10 damage)
             ... on level 2 of the Dungeon.
             The game lasted 00:01:58 (1749 turns).

sizableburger the Skirmisher (Deep Elf Fighter)     Turns: 1749, Time: 00:01:59

Health: -2/18      AC:  6    Str: 13    XL:     2   Next: 82%
Magic:  4/4        EV:  8    Int: 12    God:    Makhleb [*.....]
Gold:   38         SH:  4    Dex: 14    Spells: 1/1 levels left

rFire   . . .      SeeInvis .   a - +0 war axe
rCold   . . .      Faith    .   c - +0 buckler
rNeg    . . .      Spirit   .   b - +0 scale mail
rPois   .          Reflect  .   (no helmet)
rElec   .          Harm     .   (no cloak)
rCorr   .          Rampage  .   (no gloves)
Will    .....                   (no boots)
Stlth   ..........              (no amulet)
HPRegen 0.06/turn               (no ring)
MPRegen 0.09/turn               (no ring)

@: mighty
A: no striking features
a: Renounce Religion


You were on level 2 of the Dungeon.
You worshipped Makhleb.
Makhleb was aware of your devotion.
You visited 1 branch of the dungeon, and saw 2 of its levels.

You collected 103 gold pieces.
You spent 65 gold pieces at shops.

Inventory:

Hand Weapons
 a - a +0 war axe (weapon)
Missiles
 f - 2 javelins (quivered)
 g - 4 poisoned darts
Armour
 b - a +0 scale mail (worn)
 c - a +0 buckler (worn)
Scrolls
 e - 2 scrolls of identify {unknown}
 h - a scroll of immolation {unknown}
 i - a scroll of teleportation {unknown}
Potions
 k - a potion of ambrosia {unknown}


   Skills:
 + Level 2.9 Fighting
 + Level 2.2 Axes
 - Level 2.4 Armour
 - Level 2.4 Shields


You had one spell level left.
You didn't know any spells.
Your spell library contained the following spells:

 Spells                   Type           Power      Damage    Failure   Level
 Blink                    Tloc           0%         N/A       97%         2
 Corpse Rot               Necr/Air       0%         N/A       97%         2
 Lesser Beckoning         Tloc           0%         N/A       99%         3
 Dispel Undead            Necr           0%         3d6       100%        4
 Manifold Assault         Tloc           0%         N/A       100%        5
 Death Channel            Necr           0%         N/A       100%        6


Dungeon Overview and Level Annotations

Branches:
Dungeon (2/15)

Altars:
Makhleb

Shops:
D:2 =!


Message History

The goblin is moderately wounded.
You closely miss the kobold. You block the goblin's attack.
The kobold hits you with a +0 club.
You hit the goblin.
The goblin is severely wounded.
You closely miss the kobold. The kobold hits you but does no damage.
The goblin hits you but does no damage. The goblin hits you with a +0 club.
The kobold hits you but does no damage.
You hit the goblin.
You kill the goblin!
Makhleb accepts your kill.
You hit the kobold.
A hobgoblin comes into view. It is wielding a +0 battleaxe.
The kobold barely misses you.
You closely miss the kobold.
The kobold is severely wounded.
The kobold hits you but does no damage. x2
You barely miss the kobold.
The kobold is severely wounded.
The kobold barely misses you.
You barely miss the kobold.
The kobold is severely wounded.
You hit the hobgoblin.
The hobgoblin hits you with a +0 battleaxe!
Ouch! That really hurt!
* * * LOW HITPOINT WARNING * * *
The kobold completely misses you. The hobgoblin barely misses you.
The kobold hits you but does no damage.
You feel much better.
The hobgoblin hits you with a +0 battleaxe!
The kobold hits you with a +0 club. The kobold attacks as you move away!
The kobold closely misses you. The hobgoblin attacks as you move away!
The hobgoblin closely misses you.
You feel very mighty all of a sudden.
The hobgoblin hits you with a +0 battleaxe.
You barely miss the hobgoblin.
The hobgoblin is moderately wounded.
The hobgoblin hits you with a +0 battleaxe!
Ouch! That really hurt!
You die...

#.# #.# #.# #######
#.# #.....# #.#
#.....###
#.###########........
+..[........'........
#.###########.....##.
#.Kg@........#'#####.
#..#########.#.# #.
+.)....... #.#.# #.
#...#...#. #.#.# #.
#..?# ### #.#.# #.
..... #.#.# #.
###?##. #.#.# #. #.#
. ..#.# #. #∩. . #.


You could see a hobgoblin and a kobold.

Vanquished Creatures
  2 ball pythons (D:1)
  2 bats (D:1)
  2 endoplasms (D:1)
  2 giant cockroaches (D:1)
  3 hobgoblins (D:1)
  3 kobolds (D:1)
  3 frilled lizards
  A goblin (D:2)
  6 rats
24 creatures vanquished.

Notes
Turn   | Place    | Note
-------+----------+-------------------------------------------
     0 | D:1      | sizableburger the Deep Elf Fighter began the quest for the
                  | Orb.
     0 | D:1      | Reached XP level 1. HP: 13/13 MP: 3/3
    89 | D:1      | Reached XP level 2. HP: 8/18 MP: 4/4
   326 | D:1      | Found a faded altar of an unknown god.
   346 | D:1      | Prayed at the altar of an unknown god.
   346 | D:1      | Became a worshipper of Makhleb the Destroyer
   346 | D:1      | Reached * piety under Makhleb
  1583 | D:2      | Found Siatton's Distillery.
  1602 | D:2      | Bought a potion of heal wounds for 65 gold pieces
  1735 | D:2      | Found Abaos's Jewellery Shop.
  1749 | D:2      | Slain by a hobgoblin

Illustrated notes

Levels and vault maps discovered:
D:1:      dpeg_arrival_prison, layout_basic, serial_rivers,
          chequers_serial_rivers_micro_e, chequers_serial_rivers_micro_b,
          chequers_serial_rivers_large_a, chequers_serial_rivers_large_b,
          basic_ecumenical_altar
D:2:      layout_basic, serial_shops, shop, nicolae_shop_behind_doors

Skill      XL: |  1 |
---------------+----+-----
Axes           | 2 |  2.2
Fighting       | |  2.9
Armour         | |  2.4
Shields        | |  2.4

Action                   || total
-------------------------++-------
Melee: War axe           ||    70
  Use: Potion            ||     2
Armor: Scale mail        ||    38
Dodge: Dodged            ||    37
Block: Buckler           ||    22

Table legend: (Time is in decaauts)
 A = Elapsed time spent in this place.
 B = Non-inter-level travel time spent in this place.
 C = Inter-level travel time spent in this place.
 D = Time resting spent in this place.
 E = Time spent auto-exploring this place.
 F = Levels seen in this place.
 G = Mean time per level.
                   A        B        C        D        E       F      G
               +--------+--------+--------+--------+--------+-----+--------+
         Total |   1817 |   1737 |     80 |    197 |   1338 |   2 |  908.5 |
       Dungeon |   1817 |   1737 |     80 |    197 |   1338 |   2 |  908.5 |
               +--------+--------+--------+--------+--------+-----+--------+

Top non-repeatable levels by time:
     D:1: 1638 daAuts
     D:2: 178 daAuts
